 Dungeon Crawl Stone Soup version 0.21.1-1-g345015f (webtiles) character file.

5304 tidbits the Covert (level 10, 74/74 HPs)
             Began as a Gnoll Enchanter on June 7, 2018.
             Quit the game on level 9 of the Dungeon.
             The game lasted 00:31:44 (1852 turns).

tidbits the Covert (Gnoll Enchanter)                Turns: 1852, Time: 00:31:45

Health: 74/74      AC:  8    Str: 10    XL:     10   Next: 63%
Magic:  6/21       EV: 17    Int: 21    God:
Gold:   184        SH:  8    Dex: 16    Spells: 14/23 levels left

rFire    . . .     SeeInvis .   a - +1 dagger
rCold    + . .     Gourm    .   D - +3 warlock's mirror {reflect}
rNeg     . . .     Faith    .   B - +2 robe {rC+}
rPois    .         Spirit   .   (no helmet)
rElec    .         Reflect  +   C - +2 cloak of Responsibility {rCorr}
rCorr    +         Harm     .   G - +0 pair of gloves
MR       .....                  (no boots)
Stlth    ++++......             (no amulet)
HPRegen  0.22/turn              (no ring)
MPRegen  0.17/turn              (no ring)

@: no status effects
A: distributed training, fangs 1, strong nose
a: no special abilities


You were on level 9 of the Dungeon.
You were hungry.

You visited 2 branches of the dungeon, and saw 10 of its levels.

You collected 184 gold pieces.

Inventory:

Hand Weapons
 a - a +1 dagger (weapon)
 b - a +2 flail of protection
   (You took it off Edmund on level 4 of the Dungeon)
 l - a cursed +0 flail
 n - a +2 flail of crushing
   (You found it on level 4 of the Dungeon)
 r - a +0 hunting sling
 A - a +0 shortbow
 I - a +2 whip of electrocution
   (You took it off Pikel on level 8 of the Dungeon)
 M - a +1 shortbow of velocity
   (You took it off a centaur on level 7 of the Dungeon)
 Q - a +0 vampiric great sword
   (You found it on level 9 of the Dungeon)
Missiles
 k - 175 arrows
 t - 6 tomahawks (quivered)
 v - 4 curare-tipped needles
Armour
 m - a +0 buckler
 o - a +0 robe
 s - a +0 ring mail of cold resistance
   (You took it off Edmund on level 4 of the Dungeon)
 B - a +2 robe of cold resistance (worn)
   (You took it off Sigmund on level 6 of the Dungeon)
 C - the +2 cloak of Responsibility (worn) {rCorr}
   (You found it on level 6 of the Dungeon)

   It protects you from acid and corrosion.
 D - the +3 warlock's mirror (worn) {reflect}
   (You found it on level 7 of the Dungeon)
 G - a +0 pair of gloves (worn)
 J - a +2 robe
 N - a +0 robe of magic resistance
   (You took it off Psyche on level 8 of the Dungeon)
 S - a +0 troll leather armour
Wands
 f - a wand of clouds (8)
 u - a wand of acid (8)
 x - a wand of iceblast (11)
 P - a wand of disintegration (17)
Scrolls
 q - a scroll of fear
 y - a scroll of random uselessness
 z - a scroll of enchant weapon
 E - 2 scrolls of immolation
 F - a scroll of teleportation
 H - a scroll of silence
 L - a scroll of magic mapping
 O - 2 scrolls of fog {unknown}
 R - a scroll of remove curse
Potions
 e - 2 potions of heal wounds
 g - a potion of curing {unknown}
 h - a potion of brilliance {unknown}
 i - a potion of agility
 j - a potion of might
 p - 4 potions of lignification {unknown}
 w - a potion of flight
 K - 2 potions of berserk rage {unknown}
Books
 c - a book of Maledictions

   Spells                             Type                      Level
   a - Corona                         Hexes                        1
   b - Ensorcelled Hibernation        Hexes/Ice                    2
   c - Confuse                        Hexes                        3
   d - Tukima's Dance                 Hexes                        3
   e - Dazzling Spray                 Conjuration/Hexes            3
Comestibles
 d - 7 rations


   Skills:
 + Level 5.3 Fighting
 + Level 6.0 Short Blades
 + Level 5.3 Long Blades
 + Level 5.3 Axes
 + Level 5.3 Maces & Flails
 + Level 5.3 Polearms
 + Level 5.3 Staves
 + Level 5.3 Slings
 + Level 5.3 Bows
 + Level 5.3 Crossbows
 + Level 5.3 Throwing
 + Level 5.3 Armour
 + Level 7.1 Dodging
 + Level 8.1 Stealth
 + Level 5.3 Shields
 + Level 5.3 Unarmed Combat
 + Level 7.4 Spellcasting
 + Level 4.4 Conjurations
 + Level 7.1 Hexes
 + Level 4.4 Charms
 + Level 4.4 Summonings
 + Level 4.4 Necromancy
 + Level 4.4 Translocations
 + Level 4.4 Transmutations
 + Level 4.4 Fire Magic
 + Level 4.4 Ice Magic
 + Level 4.4 Air Magic
 + Level 4.4 Earth Magic
 + Level 4.4 Poison Magic
 + Level 5.9 Invocations
 + Level 5.3 Evocations


You had 14 spell levels left.
You knew the following spells:

 Your Spells              Type           Power        Failure   Level  Hunger
a - Corona                Hex            #####..      1%          1    None
c - Confuse               Hex            #####...     1%          3    None
d - Dazzling Spray        Conj/Hex       ####..       2%          3    None
e - Ensorcelled Hibernat  Hex/Ice        ####..       1%          2    None


Dungeon Overview and Level Annotations

Branches:
Dungeon (9/15)             Temple (1/1) D:4            Lair (0/6) D:8
    Orc: D:9-12

Altars:
Ashenzari
Dithmenos
Elyvilon
Fedhas
Hepliaklqana
Kikubaaqudgha
Makhleb
Nemelex Xobeh
Ru
Trog
Uskayaw
Vehumet
Wu Jian
Xom


Innate Abilities, Weirdness & Mutations

Your experience applies equally to all skills.
You have very sharp teeth.
Your uncanny sense of smell can sniff out nearby items.


Message History

Aiming: Confuse
Press: ? - help, Shift-Dir - straight line, f - necrophage
Aim: a necrophage (chance to defeat MR: 48%)
The necrophage appears confused.
The necrophage closely misses you.
You hit the necrophage.
The necrophage is lightly damaged.
You barely miss the necrophage.
The necrophage is lightly damaged.
You hit the necrophage.
The necrophage is moderately damaged.
You strike the helpless necrophage from behind!
You impale the necrophage!!
You destroy the necrophage!
Things that are here:
a +0 troll leather armour; a necrophage corpse; a troll corpse
S - a +0 troll leather armour Butcher a troll corpse? [(y)es/(c)hoosy/(n)o/(a)ll/(e)dible/(q)uit/?]
There isn't anything edible to butcher here.
You butcher the troll corpse.
Things that are here:
a necrophage corpse; 3 chunks of flesh; a troll skeleton An orc and an orc wizard come into view.
The orc shouts!
You hear a shout!
An orc comes into view. It is wielding a short sword.
The orc misses you.
Casting: Confuse
Confirm with . or Enter, or press ? or * to list all spells.
Aiming: Ensorcelled Hibernation
Press: ? - help, Shift-Dir - straight line, f - orc
Aim: an orc, wielding a short sword (chance to defeat MR: 76%)
The orc struggles to resist.
You block the orc's attack.
An orc comes into view. It is wielding a dagger.
Casting: Ensorcelled Hibernation
Confirm with . or Enter, or press ? or * to list all spells.
Aiming: Ensorcelled Hibernation
Press: ? - help, Shift-Dir - straight line, f/p - orc
Aim: an orc, wielding a short sword (chance to defeat MR: 76%)
The orc looks drowsy...
The orc shouts!
You hear a shout!
The helpless orc fails to defend itself.
You skewer the orc like a kebab!!!
You kill the orc!
An orc comes into view.
It is wielding an enchanted short sword.
The orc completely misses you.
The orc throws a tomahawk.
You reflect the tomahawk off your +3 warlock's mirror {reflect}!
The tomahawk hits the orc.
Casting: Ensorcelled Hibernation
Confirm with . or Enter, or press ? or * to list all spells.
Aiming: Dazzling Spray
Press: ? - help, Shift-Dir - straight line, f - orc
Aim: an orc, wielding a dagger The spray of energy hits the orc.
You kill the orc!
The spray of energy hits the orc.
You kill the orc!
The orc wizard mumbles some strange words.
The orc wizard blinks!
There are no items here.
The orc misses you.
Things that are here:
a dagger; a short sword
Casting: Dazzling Spray
Confirm with . or Enter, or press ? or * to list all spells.
Aiming: Ensorcelled Hibernation
Press: ? - help, Shift-Dir - straight line, f - orc
Aim: an orc, wielding an enchanted short sword and wearing a leather armour (chance to defeat MR: 76%)
The orc struggles to resist.
You block the orc's attack.
You hit the orc.
The orc is lightly wounded.
The orc wizard casts a spell.
The orc wizard blinks!
You block the orc's attack.
Casting: Ensorcelled Hibernation
Confirm with . or Enter, or press ? or * to list all spells.
Aiming: Ensorcelled Hibernation
Press: ? - help, Shift-Dir - straight line, f/p - orc
Aim: an orc, wielding an enchanted short sword and wearing a leather armour (lightly wounded, chance to defeat MR: 76%)
The orc looks drowsy...
The helpless orc fails to defend itself.
You stick the orc like a pincushion!!!
You kill the orc!
Items here: ( )) [[ an enchanted short sword; a leather armour; a short sword; a leather armour 3 tomahawks
t - 6 tomahawks (gained 3)
Found a buckler.
Casting: Ensorcelled Hibernation
Confirm with . or Enter, or press ? or * to list all spells.
Aiming: Ensorcelled Hibernation
Press: ? - help, Shift-Dir - straight line, f - orc wizard
Aim: an orc wizard, wielding a dagger and wearing a robe (chance to defeat MR: 61%)
The orc wizard looks drowsy...
The helpless orc wizard fails to defend itself.
You stick the orc wizard like a pincushion!!!
You kill the orc wizard!
Found a glowing hand axe.
Found an ornate altar of the Wu Jian Council.
Found 18 stones.
You enter a teleport trap!
The teleport trap disappears.
Your surroundings suddenly seem different.
Are you sure you want to abandon this character and quit the game? (Confirm with "yes".)

#§#........................#
#§#.......<.........####..##
#§#.................# *.##
#§#..........)..).<.# *.#
#§#.................# ##.#
#§#.................###..#
..#.................##.)#*
###.....[.........#.#..##
###.#.....##....@##...##
#)###############..## ###.#
#..# ....# #####.#### #####
#.(......# #........#
#........# ##........#
######.........#


There were no monsters in sight!

Vanquished Creatures
  Pikel (D:8)
  A cyclops (D:7)
  Psyche (D:8)
  An elephant (D:8)
  2 trolls (D:9)
  Prince Ribbit (D:7)
  A hippogriff (D:8)
  Sigmund (D:6)
  Edmund (D:4)
  A water moccasin (D:6)
  An orc warrior (D:7)
  4 ice beasts
  4 slaves (D:8)
  A necrophage (D:9)
  5 ogres
  5 centaurs
  2 crocodiles (D:8)
  4 bullfrogs
  A scorpion (D:5)
  4 howler monkeys
  A bullfrog zombie (D:9)
  2 orc priests (D:6)
  A jelly (D:8)
  A bullfrog skeleton (D:8)
  5 hounds
  2 iguanas (D:9)
  6 worker ants
  Ijyb (D:4)
  5 orc wizards
  A howler monkey skeleton (D:4)
  A gnoll (D:2)
  6 adders
  An adder zombie (D:6)
  2 adder skeletons
  A worm (D:2)
  A dart slug (D:2)
  A leopard gecko (D:1)
  17 orcs
  3 giant cockroaches
  3 hobgoblins
  5 jackals
  A ball python (D:4)
  4 rats
113 creatures vanquished.

Notes
Turn   | Place    | Note
-------+----------+-------------------------------------------
     0 | D:1      | tidbits the Gnoll Enchanter began the quest for the Orb.
     0 | D:1      | Reached XP level 1. HP: 13/13 MP: 6/6
    64 | D:2      | Reached XP level 2. HP: 19/19 MP: 7/7
    68 | D:2      | Learned a level 2 spell: Ensorcelled Hibernation
   145 | D:2      | Reached skill level 5 in Spellcasting
   145 | D:2      | Reached XP level 3. HP: 25/25 MP: 1/9
   237 | D:4      | Noticed Edmund
   259 | D:3      | Reached skill level 6 in Stealth
   264 | D:3      | Learned a level 3 spell: Confuse
   268 | D:3      | Learned a level 3 spell: Dazzling Spray
   275 | D:4      | Noticed Ijyb
   283 | D:4      | Killed Ijyb
   283 | D:4      | Reached skill level 1 in Fighting
   283 | D:4      | Reached skill level 1 in Long Blades
   283 | D:4      | Reached skill level 1 in Axes
   283 | D:4      | Reached skill level 1 in Maces & Flails
   283 | D:4      | Reached skill level 1 in Polearms
   283 | D:4      | Reached skill level 1 in Staves
   283 | D:4      | Reached skill level 1 in Slings
   283 | D:4      | Reached skill level 1 in Bows
   283 | D:4      | Reached skill level 1 in Crossbows
   283 | D:4      | Reached skill level 1 in Throwing
   283 | D:4      | Reached skill level 1 in Armour
   283 | D:4      | Reached skill level 1 in Shields
   283 | D:4      | Reached skill level 1 in Unarmed Combat
   283 | D:4      | Reached skill level 1 in Invocations
   283 | D:4      | Reached skill level 1 in Evocations
   283 | D:4      | Reached XP level 4. HP: 25/32 MP: 11/11
   365 | D:4      | Reached skill level 1 in Conjurations
   365 | D:4      | Reached skill level 1 in Charms
   365 | D:4      | Reached skill level 1 in Summonings
   365 | D:4      | Reached skill level 1 in Necromancy
   365 | D:4      | Reached skill level 1 in Translocations
   365 | D:4      | Reached skill level 1 in Transmutations
   365 | D:4      | Reached skill level 1 in Fire Magic
   365 | D:4      | Reached skill level 1 in Ice Magic
   365 | D:4      | Reached skill level 1 in Air Magic
   365 | D:4      | Reached skill level 1 in Earth Magic
   365 | D:4      | Reached skill level 1 in Poison Magic
   374 | D:4      | Reached XP level 5. HP: 19/37 MP: 12/12
   416 | D:4      | Reached skill level 3 in Short Blades
   476 | D:4      | Killed Edmund
   476 | D:4      | Reached skill level 2 in Invocations
   476 | D:4      | Reached XP level 6. HP: 34/44 MP: 6/13
   494 | D:5      | Entered Level 5 of the Dungeon
   497 | D:5      | Reached skill level 2 in Fighting
   497 | D:5      | Reached skill level 2 in Long Blades
   497 | D:5      | Reached skill level 2 in Axes
   497 | D:5      | Reached skill level 2 in Maces & Flails
   497 | D:5      | Reached skill level 2 in Polearms
   497 | D:5      | Reached skill level 2 in Staves
   497 | D:5      | Reached skill level 2 in Slings
   497 | D:5      | Reached skill level 2 in Bows
   497 | D:5      | Reached skill level 2 in Crossbows
   497 | D:5      | Reached skill level 2 in Throwing
   497 | D:5      | Reached skill level 2 in Armour
   497 | D:5      | Reached skill level 5 in Dodging
   497 | D:5      | Reached skill level 2 in Shields
   497 | D:5      | Reached skill level 2 in Unarmed Combat
   497 | D:5      | Reached skill level 2 in Evocations
   558 | D:5      | Found a white marble altar of Elyvilon.
   594 | D:5      | Reached XP level 7. HP: 43/50 MP: 9/15
   626 | D:6      | Reached skill level 2 in Conjurations
   626 | D:6      | Reached skill level 2 in Charms
   626 | D:6      | Reached skill level 2 in Summonings
   626 | D:6      | Reached skill level 2 in Necromancy
   626 | D:6      | Reached skill level 2 in Translocations
   626 | D:6      | Reached skill level 2 in Transmutations
   626 | D:6      | Reached skill level 2 in Fire Magic
   626 | D:6      | Reached skill level 2 in Ice Magic
   626 | D:6      | Reached skill level 2 in Air Magic
   626 | D:6      | Reached skill level 2 in Earth Magic
   626 | D:6      | Reached skill level 2 in Poison Magic
   636 | D:6      | Got an encrusted cloak
   642 | D:6      | Identified the +2 cloak of Responsibility {rCorr} (You found it on level 6 of the Dungeon)
   701 | D:4      | Found a sacrificial altar of Ru.
   724 | D:4      | Found a staircase to the Ecumenical Temple.
   731 | Temple   | Entered the Ecumenical Temple
   846 | D:6      | Reached skill level 3 in Invocations
   855 | D:7      | Noticed Prince Ribbit
   859 | D:7      | Killed Prince Ribbit
   859 | D:7      | Reached skill level 3 in Fighting
   859 | D:7      | Reached skill level 4 in Short Blades
   859 | D:7      | Reached skill level 3 in Long Blades
   859 | D:7      | Reached skill level 3 in Axes
   859 | D:7      | Reached skill level 3 in Maces & Flails
   859 | D:7      | Reached skill level 3 in Polearms
   859 | D:7      | Reached skill level 3 in Staves
   859 | D:7      | Reached skill level 3 in Slings
   859 | D:7      | Reached skill level 3 in Bows
   859 | D:7      | Reached skill level 3 in Crossbows
   859 | D:7      | Reached skill level 3 in Throwing
   859 | D:7      | Reached skill level 3 in Armour
   859 | D:7      | Reached skill level 3 in Shields
   859 | D:7      | Reached skill level 3 in Unarmed Combat
   859 | D:7      | Reached skill level 6 in Hexes
   859 | D:7      | Reached skill level 3 in Evocations
   859 | D:7      | Reached XP level 8. HP: 49/58 MP: 13/16
   890 | D:7      | Found the +3 warlock's mirror {reflect}
   900 | D:7      | Reached skill level 6 in Spellcasting
   924 | D:6      | Noticed Sigmund
   939 | D:6      | Killed Sigmund
   939 | D:6      | Reached skill level 7 in Stealth
   994 | D:6      | Reached skill level 3 in Conjurations
   994 | D:6      | Reached skill level 3 in Charms
   994 | D:6      | Reached skill level 3 in Summonings
   994 | D:6      | Reached skill level 3 in Necromancy
   994 | D:6      | Reached skill level 3 in Translocations
   994 | D:6      | Reached skill level 3 in Transmutations
   994 | D:6      | Reached skill level 3 in Fire Magic
   994 | D:6      | Reached skill level 3 in Ice Magic
   994 | D:6      | Reached skill level 3 in Air Magic
   994 | D:6      | Reached skill level 3 in Earth Magic
   994 | D:6      | Reached skill level 3 in Poison Magic
   994 | D:6      | Reached skill level 4 in Invocations
  1005 | D:6      | Reached skill level 6 in Dodging
  1005 | D:6      | Reached XP level 9. HP: 38/65 MP: 0/18
  1135 | D:7      | Reached skill level 4 in Fighting
  1135 | D:7      | Reached skill level 4 in Long Blades
  1135 | D:7      | Reached skill level 4 in Axes
  1135 | D:7      | Reached skill level 4 in Maces & Flails
  1135 | D:7      | Reached skill level 4 in Polearms
  1135 | D:7      | Reached skill level 4 in Staves
  1135 | D:7      | Reached skill level 4 in Slings
  1135 | D:7      | Reached skill level 4 in Bows
  1135 | D:7      | Reached skill level 4 in Crossbows
  1135 | D:7      | Reached skill level 4 in Throwing
  1135 | D:7      | Reached skill level 4 in Armour
  1135 | D:7      | Reached skill level 4 in Shields
  1135 | D:7      | Reached skill level 4 in Unarmed Combat
  1135 | D:7      | Reached skill level 4 in Evocations
  1146 | D:7      | Noticed a cyclops
  1169 | D:7      | Killed a cyclops
  1169 | D:7      | Reached skill level 5 in Short Blades
  1230 | D:8      | Found a staircase to the Lair.
  1230 | D:8      | Noticed an elephant
  1230 | D:8      | Noticed Pikel
  1241 | D:8      | Killed Pikel
  1241 | D:8      | Reached skill level 5 in Invocations
  1251 | D:8      | Reached XP level 10. HP: 31/73 MP: 4/20
  1254 | D:8      | Killed an elephant
  1254 | D:8      | Reached skill level 7 in Spellcasting
  1254 | D:8      | Reached skill level 4 in Conjurations
  1254 | D:8      | Reached skill level 4 in Charms
  1254 | D:8      | Reached skill level 4 in Summonings
  1254 | D:8      | Reached skill level 4 in Necromancy
  1254 | D:8      | Reached skill level 4 in Translocations
  1254 | D:8      | Reached skill level 4 in Transmutations
  1254 | D:8      | Reached skill level 4 in Fire Magic
  1254 | D:8      | Reached skill level 4 in Ice Magic
  1254 | D:8      | Reached skill level 4 in Air Magic
  1254 | D:8      | Reached skill level 4 in Earth Magic
  1254 | D:8      | Reached skill level 4 in Poison Magic
  1265 | D:8      | Found a shattered altar of Ashenzari.
  1408 | D:8      | Found a shadowy altar of Dithmenos.
  1412 | D:8      | Reached skill level 5 in Fighting
  1412 | D:8      | Reached skill level 5 in Long Blades
  1412 | D:8      | Reached skill level 5 in Axes
  1412 | D:8      | Reached skill level 5 in Maces & Flails
  1412 | D:8      | Reached skill level 5 in Polearms
  1412 | D:8      | Reached skill level 5 in Staves
  1412 | D:8      | Reached skill level 5 in Slings
  1412 | D:8      | Reached skill level 5 in Bows
  1412 | D:8      | Reached skill level 5 in Crossbows
  1412 | D:8      | Reached skill level 5 in Throwing
  1412 | D:8      | Reached skill level 5 in Armour
  1412 | D:8      | Reached skill level 5 in Shields
  1412 | D:8      | Reached skill level 5 in Unarmed Combat
  1412 | D:8      | Reached skill level 5 in Evocations
  1513 | D:8      | Noticed Psyche
  1527 | D:8      | Killed Psyche
  1527 | D:8      | Reached skill level 7 in Hexes
  1628 | D:9      | Reached skill level 8 in Stealth
  1671 | D:9      | Reached skill level 7 in Dodging
  1806 | D:9      | Reached skill level 6 in Short Blades
  1848 | D:9      | Found an ornate altar of the Wu Jian Council.
  1852 | D:9      | Quit the game

Skill      XL: |  1  2  3  4  5  6  7  8  9 10 |
---------------+-------------------------------+-----
Spellcasting   | 5 6 7 |  7.4
Stealth        | 6 7 8 |  8.1
Fighting       | 1 2 3 4 5 |  5.3
Long Blades    | 1 2 3 4 5 |  5.3
Axes           | 1 2 3 4 5 |  5.3
Maces & Flails | 1 2 3 4 5 |  5.3
Polearms       | 1 2 3 4 5 |  5.3
Staves         | 1 2 3 4 5 |  5.3
Slings         | 1 2 3 4 5 |  5.3
Bows           | 1 2 3 4 5 |  5.3
Crossbows      | 1 2 3 4 5 |  5.3
Throwing       | 1 2 3 4 5 |  5.3
Armour         | 1 2 3 4 5 |  5.3
Shields        | 1 2 3 4 5 |  5.3
Unarmed Combat | 1 2 3 4 5 |  5.3
Invocations    | 1 2 3 4 5 |  5.9
Evocations     | 1 2 3 4 5 |  5.3
Conjurations   | 1 2 3 4 |  4.4
Charms         | 1 2 3 4 |  4.4
Summonings     | 1 2 3 4 |  4.4
Necromancy     | 1 2 3 4 |  4.4
Translocations | 1 2 3 4 |  4.4
Transmutations | 1 2 3 4 |  4.4
Fire Magic     | 1 2 3 4 |  4.4
Ice Magic      | 1 2 3 4 |  4.4
Air Magic      | 1 2 3 4 |  4.4
Earth Magic    | 1 2 3 4 |  4.4
Poison Magic   | 1 2 3 4 |  4.4
Short Blades   | 3 4 5 6 |  6.0
Dodging        | 5 6 7 |  7.1
Hexes          | 6 7 |  7.1

Action                   |  1- 3 |  4- 6 |  7- 9 | 10-12 || total
-------------------------+-------+-------+-------+-------++-------
Melee: Dagger            |    20 |    33 |    47 |    60 ||   160
       Bite              |       |     1 |     8 |     4 ||    13
       Punch             |       |     1 |       |       ||     1
       Flail             |       |     3 |    42 |     1 ||    46
       Whip              |       |       |       |     4 ||     4
Throw: Tomahawk          |       |     3 |     4 |       ||     7
 Cast: Corona            |     2 |     1 |     1 |     5 ||     9
       Ensorcelled Hiber |     7 |     9 |    25 |    30 ||    71
       Dazzling Spray    |       |     3 |     4 |     1 ||     8
       Confuse           |       |       |     7 |     8 ||    15
Evoke: Wand              |       |     2 |     3 |       ||     5
  Use: Scroll            |     2 |       |       |     9 ||    11
       Potion            |       |     1 |     2 |       ||     3
 Stab: Sleeping          |    11 |     7 |    24 |    23 ||    65
       Confused          |       |     2 |     1 |     7 ||    10
       Invisible         |       |       |     3 |       ||     3
  Eat: Chunk             |       |       |     1 |     2 ||     3
Armor: Robe              |     1 |     3 |    15 |     9 ||    28
Dodge: Dodged            |    13 |    27 |    68 |    29 ||   137
Block: Buckler           |       |       |    35 |    24 ||    59
       Reflection        |       |       |     3 |     1 ||     4

Table legend:
 A = Turns spent in this place as a percentage of turns spent in the entire game.
 B = Non-inter-level travel turns spent in this place as a percentage of non-inter-level travel turns spent in the entire game.
 C = Inter-level travel turns spent in this place as a percentage of turns spent in this place.
 D = Turns resting spent in this place as a percentage of non-inter-level travel turns spent in this place.
 E = Turns spent auto-exploring this place as a percentage of non-inter-level travel turns spent in this place.
 F = Non-inter-level travel turns spent in this place divided by the number of levels of this place that you've seen.
                   A       B       C       D       E      F
               +-------+-------+-------+-------+-------+----------------------
         Total | 100.0 | 100.0 |   0.0 |   0.0 |   0.0 | 185.2
       Dungeon |  96.7 |  96.7 |   0.0 |   0.0 |   0.0 | 198.9
        Temple |   3.3 |   3.3 |   0.0 |   0.0 |   0.0 |  62.0
               +-------+-------+-------+-------+-------+----------------------

Table legend:
 A = Kills in this place as a percentage of kills in entire the game.
 B = Kills by you in this place as a percentage of kills by you in the entire game.
 C = Kills by friends in this place as a percentage of kills by friends in the entire game.
 D = Other kills in this place as a percentage of other kills in the entire game.
 E = Experience gained in this place as a percentage of experience gained in the entire game.
 F = Experience gained in this place divided by the number of levels of this place that you have seen.
                   A       B       C       D       E      F
               +-------+-------+-------+-------+-------+----------------------
         Total | 100.0 | 100.0 |   N/A | 100.0 | 100.0 | 757.8
       Dungeon | 100.0 | 100.0 |   N/A | 100.0 | 100.0 | 842.0
               +-------+-------+-------+-------+-------+----------------------

Vault maps used:
D:1:      dpeg_arrival_subterranean_lakeside_camping,
          kennysheep_decorative_pillar, glass_columns_a, minmay_misc_feat_roman
D:2:      lemuel_doored_altar, marbit_many_paths, minitemple
D:3:      lemuel_crystal_altar, kennysheep_another_room, minivault_24,
          serial_park_tiny_pond
D:4:      kennysheep_mini, kennysheep_little_box,
          minmay_temple_entry_statues_pillars, first_ration, uniq_edmund,
          uniq_ijyb
D:5:      kennysheep_ying_yang, solitary_fountain
D:6:      serial_shops, shop, uniq_sigmund
D:7:      lemuel_coloured_pillars_altar, uniq_prince_ribbit1
D:8:      ashenzari_altar_1, nicolae_dithmenos_shadow_blocks,
          david_lair_generic, grunt_ogre_cave, uniq_psyche, uniq_pikel
D:9:      lemuel_ice_spiral_2, lemuel_crystal_altar, uniq_erica
Temple:   kb_temple_of_zot
